 Dungeon Sprint DCSS version 0.18-a0-33-g9e10395 (console) character file.

102 Kellhus the Carver (level 4, -5/37 HPs)
             Began as a Demigod Fighter on Nov 5, 2015.
             Slain by a hippogriff (6 damage)
             ... in the Dungeon (Sprint IX: "|||||||||||||||||||||||||||||").
             The game lasted 00:00:30 (224 turns).

Kellhus the Carver (Demigod Fighter)                 Turns: 224, Time: 00:00:30

Health: -5/37      AC:  6    Str: 19    XL:     4   Next: 26%
Magic:  6/6        EV:  7    Int: 12    God:
Gold:   0          SH:  9    Dex: 17    Spells: 0 memorised, 3 levels left

rFire  . . .     SeeInvis .     a - +0 long sword
rCold  . . .     Clarity  .     b - +0 scale mail
rNeg   . . .     SustAt   +     c - +0 shield
rPois  .         Gourm    .     (no helmet)
rElec  .         Spirit   .     (no cloak)
rCorr  .         Warding  .     (no gloves)
rMut   .         NoTele   +     (no boots)
MR     .....                    (no amulet)
Stlth  ..........               (no ring)
                                (no ring)

@: not resistant to hostile enchantments, extremely unstealthy
A: high mp 1, sustain attributes
a: no special abilities


You were in the Dungeon.
You were not hungry.

You visited 1 branch

Inventory:

Hand Weapons
 a - a +0 long sword (weapon)
Armour
 b - a +0 scale mail (worn)
 c - a +0 shield (worn)
 p - a +0 helmet
 q - a +0 helmet
Jewellery
 r - a +3 ring of intelligence
 s - a +2 ring of protection
Wands
 o - a wand of draining (7)
Scrolls
 k - 2 scrolls of blinking
 m - 3 scrolls of remove curse
 n - 2 scrolls of amnesia
Potions
 d - a potion of might
 f - 5 potions of curing
 g - 3 potions of heal wounds
 h - a potion of haste
 i - 4 potions of magic
Comestibles
 e - a bread ration
 l - 3 chunks of flesh


   Skills:
 - Level 2.6 Fighting
 + Level 8.4 Long Blades
 - Level 2.6 Armour
 - Level 2.6 Shields


You had 3 spell levels left.
You didn't know any spells.

Dungeon Overview and Level Annotations

Branches:
Dungeon (1/1)


Innate Abilities, Weirdness & Mutations

You have an increased reservoir of magic (+10% MP).
Your attributes are resistant to harm.


Message History

The hippogriff claws you.
* * * LOW HITPOINT WARNING * * *
You hit the hippogriff.
The hippogriff is moderately wounded.
You block the hippogriff's attack.
The hippogriff pecks you but does no damage.
The hippogriff barely misses you.
Your shield and scale mail prevent you from hitting the hippogriff.
The hippogriff is moderately wounded.
You block the hippogriff's attack. x2
The hippogriff claws you but does no damage.
You barely miss the hippogriff.
The hippogriff is moderately wounded.
You block the hippogriff's attack. x2
The hippogriff claws you.
* * * LOW HITPOINT WARNING * * *
You hit the hippogriff.
The hippogriff is moderately wounded.
You block the hippogriff's attack. The hippogriff pecks you.
You die...

▓_▓
▓'▓
▓!▓
▓.▓
▓|▓
▓)▓
▓.▓
▓.▓
▓[▓
▓.▓
▓@▓
▓H▓
▓n▓
▓Y▓
▓a▓
▓h▓
▓.▓
▓.▓


You could see a yak, a hippogriff, a necrophage, a worker ant and a jackal.

Vanquished Creatures
  A crimson imp (D)
  A hound (D)
  A worker ant (D)
  An adder (D)
  An ooze (D)
  A worm (D)
  A jackal (D)
  A quokka (D)
  A goblin (D)
  A kobold (D)
  A rat (D)
11 creatures vanquished.

Notes
Turn   | Place    | Note
--------------------------------------------------------------
     0 | D        | Kellhus the Demigod Fighter began the quest for the Orb.
     0 | D        | Reached XP level 1. HP: 18/18 MP: 3/3
    11 | D        | Reached skill level 3 in Long Blades
    24 | D        | Reached skill level 4 in Long Blades
    60 | D        | Noticed a crimson imp
    60 | D        | Noticed a worker ant
    65 | D        | Reached XP level 2. HP: 25/25 MP: 4/4
    67 | D        | Reached skill level 5 in Long Blades
    69 | D        | Reached skill level 6 in Long Blades
    69 | D        | Reached XP level 3. HP: 30/30 MP: 5/5
    75 | D        | Reached skill level 7 in Long Blades
   160 | D        | Found a glowing silver altar of Zin.
   160 | D        | Found a glowing golden altar of the Shining One.
   160 | D        | Found an ancient bone altar of Kikubaaqudgha.
   160 | D        | Found a basalt altar of Yredelemnul.
   160 | D        | Found a shimmering altar of Xom.
   160 | D        | Found a radiant altar of Vehumet.
   161 | D        | Found an iron altar of Okawaru.
   162 | D        | Found a burning altar of Makhleb.
   163 | D        | Found a deep blue altar of Sif Muna.
   164 | D        | Found a bloodstained altar of Trog.
   165 | D        | Found a sparkling altar of Nemelex Xobeh.
   166 | D        | Found a white marble altar of Elyvilon.
   167 | D        | Found a roughly hewn altar of Beogh.
   168 | D        | Found a viscous altar of Jiyva.
   169 | D        | Found a corrupted altar of Lugonu.
   170 | D        | Found a blossoming altar of Fedhas.
   171 | D        | Found a snail-covered altar of Cheibriados.
   172 | D        | Found a shadowy altar of Dithmenos.
   173 | D        | Found a stormy altar of Qazlal.
   174 | D        | Found an opulent altar of Gozag.
   175 | D        | Found a sacrificial altar of Ru.
   201 | D        | Noticed a hippogriff
   201 | D        | Noticed a necrophage
   201 | D        | Noticed a yak
   218 | D        | Reached skill level 8 in Long Blades
   218 | D        | Reached XP level 4. HP: 12/37 MP: 6/6
   223 | D        | HP: 1/37 [hippogriff (3)]
   224 | D        | Slain by a hippogriff

Vault maps used:
D:        linesprint

Action                   |  1- 3 |  4- 6 || total
-------------------------+-------+-------++-------
Melee: Long sword        |    52 |     6 ||    58
  Use: Potion            |     1 |       ||     1
